 Dungeon Crawl Stone Soup version 0.30.1-11-g7821555f0a (webtiles) character file.

Game seed: 9595777353910487806

119 Danienth the Trooper (level 5, -2/54 HPs)
             Began as an Ogre Air Elementalist on Nov 3, 2023.
             Slain by a black bear (10 damage)
             ... on level 3 of the Dungeon.
             The game lasted 00:16:30 (2612 turns).

Danienth the Trooper (Ogre Air Elementalist)        Turns: 2612, Time: 00:16:31

Health: -2/54      AC:  3    Str: 12    XL:     5   Next: 3%
Magic:  1/8        EV: 10    Int: 16    God:
Gold:   115        SH:  0    Dex: 11    Spells: 5/8 levels left

rFire   . . .        g - +0 club
rCold   . . .        (no shield)
rNeg    . . .        a - +0 robe
rPois   .            (helmet restricted)
rElec   .            (no cloak)
rCorr   .            (gloves unavailable)
SInv    .            (boots unavailable)
Will    .....        (no amulet)
Stlth   ++           (no ring)
HPRegen 0.29/turn    (no ring)
MPRegen 0.11/turn

%: no passive effects
@: no status effects
A: large, unfitting armour, tough skin 1
a: no special abilities


You were on level 3 of the Dungeon.
You visited 1 branch of the dungeon, and saw 3 of its levels.

You collected 115 gold pieces.

Inventory:

Hand Weapons
 g - a +0 club (weapon)
 m - a +0 dagger of flaming
 p - a +1 hand axe of electrocution
Armour
 a - a +0 robe (worn)
Magical Staves
 l - a staff of conjuration
Wands
 i - a wand of roots (10)
Scrolls
 c - 2 scrolls of enchant weapon
 n - a scroll of teleportation {unknown}
Potions
 b - a potion of magic
 d - 2 potions of degeneration
 j - a potion of invisibility {unknown}
 o - a potion of cancellation {unknown}


   Skills:
 + Level 4.2 Fighting
 - Level 2.6 Maces & Flails
 * Level 0.0(1.6) Staves
 - Level 1.7 Dodging
 - Level 1.4 Stealth
 - Level 2.4 Spellcasting
 - Level 0.8 Conjurations
 - Level 2.6 Air Magic


You had 5 spell levels left.
You knew the following spells:

 Your Spells              Type           Power      Damage    Failure   Level
a - Shock                 Conj/Air       28%        1d4       10%         1
b - Static Discharge      Conj/Air       14%        2-3/arc   14%         2

Your spell library contained the following spells:

 Spells                   Type           Power      Damage    Failure   Level
 Beastly Appendage        Tmut           2%         N/A       21%         1
 Summon Small Mammal      Summ           4%         N/A       21%         1
 Swiftness                Air            10%        N/A       21%         3
 Wereblood                Tmut           1%         N/A       30%         2
 Call Canine Familiar     Summ           1%         N/A       52%         3
 Spider Form              Tmut/Pois      1%         N/A       52%         3
 Summon Guardian Golem    Hex/Summ       1%         N/A       52%         3
 Airstrike                Air            5%         2d(1-17)  54%         4


Dungeon Overview and Level Annotations

Branches:
Dungeon (3/15)

Altars:


Innate Abilities, Weirdness & Mutations

You are too large for most types of armour.
You have tough skin. (AC +1)


Message History

Aim: a black bear (heavily wounded, 77% to hit)
The zap hits the black bear.
The black bear is severely wounded.
The zap hits the black bear.
The black bear is severely wounded.
The black bear goes berserk!
The black bear bites you. The black bear closely misses you.
The black bear claws you but does no damage.
The black bear attacks as you move away!
The black bear bites you! The black bear claws you.
The black bear claws you but does no damage.
The black bear bites you!
The black bear claws you but does no damage.
The black bear claws you.
The black bear attacks as you move away!
The black bear bites you!
* * * LOW HITPOINT WARNING * * *
The black bear claws you.
* * * LOW HITPOINT WARNING * * *
The black bear misses you. The black bear bites you.
* * * LOW HITPOINT WARNING * * *
The black bear closely misses you. The black bear claws you.
* * * LOW HITPOINT WARNING * * *
You feel better. The black bear bites you.
* * * LOW HITPOINT WARNING * * *
The black bear barely misses you. The black bear claws you.
* * * LOW HITPOINT WARNING * * *
You feel better.
The black bear bites you but does no damage.
The black bear barely misses you. The black bear claws you.
* * * LOW HITPOINT WARNING * * *
The black bear closely misses you. x3
As you read the scroll labelled RUOMEO ASUTH, it crumbles to dust.
You assume a fearsome visage.
The black bear is unaffected.
It was a scroll of fear.
The black bear completely misses you. The black bear claws you.
* * * LOW HITPOINT WARNING * * *
The black bear barely misses you. The black bear bites you!
You die...

....# #..## #..### ##...# ..
###.# ..... #.# .....######.#
# ##........#h### # #.
..........#.@.##.#####.######
..........###......#.........
..........##.................
.............................
..........##......#..........
..###...####......#........).
#...# #####.##....).....
#...# #.###.).###### #...#
#.# ###.##


You could see a black bear (berserk).

Vanquished Creatures
  An orc priest (D:3)
  A gnoll (D:1)
  2 adders
  A worm (D:2)
  4 dart slugs
  6 orcs (D:3)
  A bat (D:1)
  2 endoplasms (D:1)
  2 giant cockroaches
  2 goblins
  5 hobgoblins
  4 jackals (D:2)
  2 quokkas
  3 ball pythons
  5 kobolds
  3 rats
44 creatures vanquished.

Notes
Turn   | Place    | Note
-------+----------+-------------------------------------------
     0 | D:1      | Danienth the Ogre Air Elementalist began the quest for the
                  | Orb.
     0 | D:1      | Reached XP level 1. HP: 16/16 MP: 3/3
    46 | D:1      | Reached skill level 1 in Fighting
   429 | D:1      | Found a faded altar of an unknown god.
   474 | D:1      | Reached skill level 2 in Fighting
   474 | D:1      | Reached XP level 2. HP: 22/28 MP: 5/5
   634 | D:1      | Reached skill level 3 in Fighting
  1090 | D:2      | Reached XP level 3. HP: 36/37 MP: 0/6
  1270 | D:2      | Reached skill level 1 in Maces & Flails
  1563 | D:2      | Learned a level 2 spell: Static Discharge
  2089 | D:2      | Reached XP level 4. HP: 48/48 MP: 1/7
  2163 | D:2      | You fall into a shaft and drop 1 floor!
  2339 | D:3      | Reached skill level 4 in Fighting
  2366 | D:3      | Reached XP level 5. HP: 5/54 MP: 0/8
  2589 | D:3      | Noticed a black bear
  2608 | D:3      | HP: 2/54 [black bear (5)]
  2612 | D:3      | Slain by a black bear

Illustrated notes

Levels and vault maps discovered:
D:1:      psy_arrival_fountain, layout_basic, hellmonk_ecumenical_altar_zigzags
D:2:      layout_basic
D:3:      layout_basic, mainiacjoe_overflow_cross_hatched,
          dreamdust_wishing_well, uniq_natasha

Skill      XL: |  1  2  3  4 |
---------------+-------------+-----
Fighting       | 2 3 4 |  4.2
Maces & Flails | 1 2 |  2.6
Dodging        | |  1.7
Stealth        | |  1.4
Spellcasting   | |  2.4
Conjurations   | |  0.8
Air Magic      | |  2.6

Action                     |  1- 3 |  4- 6 || total
---------------------------+-------+-------++-------
  Melee: Unarmed           |    79 |       ||    79
         Club              |    71 |    31 ||   102
         Punch             |     1 |       ||     1
   Cast: Shock             |    60 |    27 ||    87
         Static Discharge  |       |     3 ||     3
    Use: Potion            |       |     4 ||     4
         Scroll            |       |     5 ||     5
   Stab: Sleeping          |     1 |       ||     1
 Armour: Robe              |    56 |    13 ||    69
  Dodge: Dodged            |    88 |    42 ||   130
